 Dungeon Crawl Stone Soup version 0.27-a0-277-g024f7ef292 (webtiles) character file.

Game seed: 4042129471479016756

2736 dickylongcocking the Covert (level 9, 0/64 HPs)
             Began as an Octopode Fighter on Feb 4, 2021.
             Was an Elder of Nemelex Xobeh.
             Slain by a wolf (3 damage)
             ... led by Grum
             ... on level 8 of the Dungeon on Feb 5, 2021.
             The game lasted 00:07:42 (10348 turns).

dickylongcocking the Covert (Octopode Fighter)     Turns: 10348, Time: 00:07:43

Health: 0/64       AC:  1    Str: 16    XL:     9   Next: 67%
Magic:  13/13      EV: 15    Int: 11    God:    Nemelex Xobeh [****..]
Gold:   211        SH: 10    Dex: 13    Spells: 8/8 levels left

rFire    . . .     SeeInvis +     - Unarmed
rCold    + . .     Faith    .   a - +1 kite shield
rNeg     . . .     Spirit   .   (helmet restricted)
rPois    .         Reflect  .   (no amulet)
rElec    .         Harm     .   i - ring of flight
rCorr    .         Rampage  .   f - ring of see invisible
Will     .....                  r - +4 ring of evasion
Stlth    +++++.....             l - ring of protection from cold
HPRegen  0.20/turn              (no ring)
MPRegen  0.13/turn              (no ring)
                                (no ring)
                                (no ring)

@: hasted, very quick
A: almost no armour, stealthy swim, amphibious, 8 rings, constrict 8, camouflage
1, gelatinous body 1
a: Renounce Religion, Evoke Flight, Draw Escape, Draw Destruction, Draw
Summoning, Triple Draw, Deal Four


You were on level 8 of the Dungeon.
You worshipped Nemelex Xobeh.
Nemelex Xobeh was greatly pleased with you.
You visited 2 branches of the dungeon, and saw 9 of its levels.

You collected 446 gold pieces.
You spent 235 gold pieces at shops.

Inventory:

Armour
 a - a +1 kite shield (worn)
Jewellery
 f - a ring of see invisible (right tentacle)
 i - a ring of flight (left tentacle)
 l - a ring of protection from cold (on tentacle)
 r - a +4 ring of evasion (on tentacle)
Wands
 o - a wand of flame (12)
Scrolls
 b - a scroll of enchant armour
 c - a scroll of enchant weapon {unknown}
 d - 6 scrolls of teleportation
 e - 8 scrolls of remove curse
 g - a scroll of fear
 j - a scroll of noise {unknown}
 k - 4 scrolls of blinking
 m - 2 scrolls of magic mapping
 n - a scroll of amnesia
 s - a scroll of identify
Potions
 h - a potion of cancellation
 q - 2 potions of haste
 t - a potion of berserk rage {unknown}


   Skills:
 + Level 7.1 Fighting
 - Level 3.0 Dodging
 + Level 9.1 Stealth
 - Level 3.0 Shields
 * Level 7.6 Unarmed Combat
 * Level 5.8 Invocations


You had 8 spell levels left.
You didn't know any spells.
Your spell library contained the following spells:

 Spells                   Type           Power        Failure   Level
 Freeze                   Ice            0%           86%         1
 Confusing Touch          Hex            0%           99%         3
 Frozen Ramparts          Ice            0%           99%         3
 Gell's Gravitas          Tloc           0%           99%         3
 Ozocubu's Armour         Ice            0%           99%         3
 Hailstorm                Conj/Ice       0%           100%        4
 Petrify                  Tmut/Erth      0%           100%        4
 Summon Ice Beast         Ice/Summ       0%           100%        4
 Metabolic Englaciation   Hex/Ice        0%           100%        5
 Yara's Violent Unravell  Hex/Tmut       0%           100%        5


Dungeon Overview and Level Annotations

Branches:
Dungeon (8/15)             Temple (1/1) D:7
   Lair: D:8-11

Altars:
Ashenzari
Cheibriados
Elyvilon
Fedhas
Gozag
Hepliaklqana
Kikubaaqudgha
Makhleb
Nemelex Xobeh
Okawaru
Qazlal
Ru
Sif Muna
Uskayaw
Vehumet
Wu Jian
Xom
Zin
The Shining One

Shops:
D:5 ?

Annotations:
D:8 Grum


Innate Abilities, Weirdness & Mutations

You cannot wear most types of armour.
You are very stealthy in the water. (Stealth+)
You are amphibious.
You can wear up to eight rings at the same time.
You can use your tentacles to constrict eight enemies at once.
Your skin changes colour to match your surroundings (Stealth+).
Your rubbery body absorbs attacks. (AC +1, EV +1)


Message History

You release your grip on the wolf.
You block the wolf's attack. x2
The wolf completely misses you. You block the wolf's attack.
The wolf bites you.
* * * LOW HITPOINT WARNING * * *
The wolf bites you.
* * * LOW HITPOINT WARNING * * *
Unknown command.
You feel much better. You block the wolf's attack. The wolf bites you.
The wolf misses you.
Grum hits you from afar with a -2 spear.
The wolf bites you! The wolf misses you.
You feel yourself speed up. The wolf barely misses you. The wolf bites you!
* * * LOW HITPOINT WARNING * * *
The wolf bites you!
* * * LOW HITPOINT WARNING * * *
You block Grum's attack. The wolf bites you.
* * * LOW HITPOINT WARNING * * *
The wolf bites you.
You die...
Your body glows slightly and disappears.

...............#
...............##
..............[.#
................#
.................
#.....†.....# ..
#.#......g....#.#
##..##.#.#.#)hhh......
.....#.#.#....@....#..
#...#.#.#####.######.
#...#......))≈.......
#........####........
.##........# ###......
...........# .....#
##..#.....# ......
##..#..)..# .##..
..........# .# ..


You could see Grum and 3 wolves.

Vanquished Creatures
  Grinder (D:3)
  Sigmund (D:2)
  An orc warrior (D:5)
  2 sky beasts
  An ice beast (D:5)
  A necrophage (D:4)
  An ogre (D:6)
  2 centaurs
  A big kobold (D:8)
  5 bullfrogs
  3 killer bees (D:7)
  7 wights (D:7)
  A howler monkey (D:4)
  A bullfrog zombie (D:6)
  3 hounds
  2 orc priests
  Terence (D:3)
  6 orc wizards
  6 worker ants
  2 hound skeletons (D:4)
  8 adders
  2 shadow imps
  A white imp (D:6)
  An ooze (D:6)
  2 worms
  3 dart slugs
  2 leopard geckos
  29 orcs
  9 giant cockroaches
  6 goblins
  10 hobgoblins
  4 jackals (D:3)
  7 kobolds
  3 quokkas
  2 ball pythons
  7 bats
  6 frilled lizards
  A leopard gecko zombie (D:6)
  A quokka zombie (D:5)
  5 rats
157 creatures vanquished.

Vanquished Creatures (others)
  A killer bee (D:7)
1 creature vanquished.

Grand Total: 158 creatures vanquished

Notes
Turn   | Place    | Note
-------+----------+-------------------------------------------
     0 | D:1      | dickylongcocking the Octopode Fighter began the quest for
                  | the Orb.
     0 | D:1      | Reached XP level 1. HP: 16/16 MP: 1/1
   209 | D:1      | Found a radiant altar of Vehumet.
   307 | D:1      | Reached XP level 2. HP: 21/21 MP: 2/2
  1210 | D:2      | Reached XP level 3. HP: 2/26 MP: 3/3
  1628 | D:2      | Noticed Sigmund
  1637 | D:2      | Killed Sigmund
  1638 | D:2      | Reached skill level 3 in Stealth
  1638 | D:2      | Reached XP level 4. HP: 20/33 MP: 4/4
  1638 | D:2      | Reached XP level 5. HP: 22/37 MP: 5/5
  2073 | D:2      | You fall into a shaft and drop 1 floor!
  2076 | D:3      | Upgraded the game from 0.27-a0-249-g74f53ef629 to
                  | 0.27-a0-277-g024f7ef292
  2076 | D:3      | Reached XP level 6. HP: 43/43 MP: 6/6
  2267 | D:3      | Found a sparkling altar of Nemelex Xobeh.
  2352 | D:3      | Found an ornate altar of the Wu Jian Council.
  2417 | D:3      | Became a worshipper of Nemelex Xobeh the Trickster
  2590 | D:3      | Found a radiant altar of Vehumet.
  2777 | D:3      | Noticed Grinder
  2796 | D:3      | Reached skill level 4 in Stealth
  2805 | D:3      | Killed Grinder
  2806 | D:3      | Reached skill level 5 in Stealth
  2806 | D:3      | Reached skill level 5 in Unarmed Combat
  2806 | D:3      | Reached XP level 7. HP: 27/49 MP: 7/7
  3244 | D:3      | Noticed Terence
  3256 | D:3      | Killed Terence
  3580 | D:4      | Reached skill level 5 in Fighting
  3580 | D:4      | Reached skill level 1 in Invocations
  3894 | D:4      | Reached * piety under Nemelex Xobeh
  3944 | D:4      | Found an opulent altar of Gozag.
  4127 | D:4      | Found a white marble altar of Elyvilon.
  4155 | D:4      | Found a shimmering altar of Xom.
  4155 | D:4      | Found a shimmering blue altar of Sif Muna.
  4329 | D:4      | Reached skill level 6 in Stealth
  4617 | D:4      | Reached XP level 8. HP: 52/55 MP: 9/9
  4727 | D:4      | Received a gift from Nemelex Xobeh
  4830 | D:5      | Entered Level 5 of the Dungeon
  4910 | D:5      | Found Gituid's Magic Scroll Shoppe.
  4914 | D:5      | Bought a scroll of teleportation for 33 gold pieces
  4914 | D:5      | Bought a scroll of blinking for 82 gold pieces
  4914 | D:5      | Bought a scroll of blinking for 82 gold pieces
  4914 | D:5      | Bought a scroll of magic mapping for 38 gold pieces
  5047 | D:5      | Reached ** piety under Nemelex Xobeh
  6650 | D:6      | Reached skill level 7 in Stealth
  6951 | D:6      | Reached *** piety under Nemelex Xobeh
  7390 | D:6      | Received a gift from Nemelex Xobeh
  8051 | D:6      | Found an ancient bone altar of Kikubaaqudgha.
  8306 | D:7      | Received a gift from Nemelex Xobeh
  8306 | D:7      | Found a hide-covered altar of Uskayaw.
  8315 | D:7      | Reached XP level 9. HP: 39/63 MP: 12/12
  8320 | D:7      | Reached skill level 8 in Stealth
  8842 | D:7      | Reached skill level 5 in Invocations
  9515 | D:7      | Found a blossoming altar of Fedhas.
  9540 | D:7      | Reached skill level 9 in Stealth
  9716 | D:7      | Reached **** piety under Nemelex Xobeh
  9726 | D:7      | Received a gift from Nemelex Xobeh
  9929 | D:7      | Found a staircase to the Ecumenical Temple.
 10184 | Temple   | Entered the Ecumenical Temple
 10338 | D:8      | Noticed Grum
 10348 | D:8      | HP: 3/64 [wolf[Grum] (2)]
 10348 | D:8      | Slain by a wolf

Illustrated notes

Levels and vault maps discovered:
D:1:      tarquinn_simple_flora_water_c, layout_loops_ring, hex_large,
          kennysheep_flooded_box, minmay_pentomino_u2
D:2:      layout_basic, lemuel_statue_altar, uniq_sigmund
D:3:      minmay_chambers_of_threes, layout_loops_corners,
          nzn_wu_jian_contemplation, nemelex_xobeh_ov_fountains_minmay,
          nicolae_overflow_crystal_walls, hangedman_feature_mirror,
          kennysheep_path_1, uniq_terence, uniq_grinder
D:4:      layout_gridville, lemuel_crystal_altar, lemuel_coloured_pillars_altar,
          gammafunk_temple_overflow_statue
D:5:      layout_gridville, serial_shops, kennysheep_mini_moat
D:6:      layout_layer_cave, lemuel_doored_altar, small_statue_alley_b
D:7:      layout_loops_ring, fedhas_ov_isle_minmay,
          eat_drink_and_be_merry_uskayaw, minmay_temple_entry_gardened_gates,
          columned_hall_lemuel
D:8:      layout_basic, uniq_grum
Temple:   dpeg_three_leaves_temple

Skill      XL: |  1  2  3  4  5  6  7  8  9 |
---------------+----------------------------+-----
Unarmed Combat | 3 4 5 6 7 |  7.6
Fighting       | 4 5 6 7 |  7.1
Stealth        | 3 5 6 7 9 |  9.1
Invocations    | 2 4 5 |  5.8
Dodging        | |  3.0
Shields        | |  3.0

Action                   |  1- 3 |  4- 6 |  7- 9 || total
-------------------------+-------+-------+-------++-------
Melee: Unarmed           |    48 |    50 |   261 ||   359
       Tentacles         |     8 |    11 |    62 ||    81
       Constrict         |    14 |    19 |    63 ||    96
       Punch             |     1 |     2 |    13 ||    16
Invok: Draw Destruction  |       |       |    16 ||    16
       Draw Escape       |       |       |     3 ||     3
  Use: Potion            |     2 |     6 |     5 ||    13
       Scroll            |       |       |     8 ||     8
 Stab: Sleeping          |     8 |     6 |    21 ||    35
       Distracted        |       |       |     4 ||     4
Armor: Skin              |     5 |     2 |    12 ||    19
Dodge: Dodged            |    16 |    28 |   128 ||   172
Block: Kite shield       |    23 |    25 |   127 ||   175

Table legend: (Time is in decaauts)
 A = Elapsed time spent in this place.
 B = Non-inter-level travel time spent in this place.
 C = Inter-level travel time spent in this place.
 D = Time resting spent in this place.
 E = Time spent auto-exploring this place.
 F = Levels seen in this place.
 G = Mean time per level.
                   A        B        C        D        E       F      G
               +--------+--------+--------+--------+--------+-----+--------+
         Total |  10393 |  10047 |    346 |   1545 |   7340 |   9 | 1154.8 |
       Dungeon |  10312 |   9981 |    331 |   1545 |   7275 |   8 | 1289.0 |
        Temple |     80 |     66 |     14 |      0 |     65 |   1 |   80.0 |
               +--------+--------+--------+--------+--------+-----+--------+

Top non-repeatable levels by time:
     D:6: 2104 daAuts
     D:5: 1747 daAuts
     D:7: 1528 daAuts
     D:3: 1408 daAuts
     D:4: 1364 daAuts
     D:1: 1102 daAuts
     D:2: 979 daAuts
  Temple: 80 daAuts
     D:8: 77 daAuts
